 Dungeon Crawl Stone Soup version 0.29-a0-925-g0a7a3d12f8 (webtiles) character file.

Game seed: 7520547713002111052

4 Malachi the Grasshopper (level 1, -1/17 HPs)
             Began as a Palentonga Warper on July 29, 2022.
             Slain by a hobgoblin (3 damage)
             ... on level 1 of the Dungeon.
             The game lasted 00:00:08 (190 turns).

Malachi the Grasshopper (Palentonga Warper)          Turns: 190, Time: 00:00:08

Health: -1/17      AC:  4    Str: 14    XL:     1   Next: 58%
Magic:  3/3        EV:  9    Int: 13    God:
Gold:   13         SH:  0    Dex:  9    Spells: 4/4 levels left

rFire   . . .      SeeInvis +   a - +0 mace
rCold   . . .      Faith    .   (no shield)
rNeg    . . .      Spirit   .   b - +0 leather armour
rPois   .          Reflect  .   (no helmet)
rElec   .          Harm     .   (no cloak)
rCorr   .          Rampage  .   (no gloves)
Will    .....                   (no barding)
Stlth   +.........              (no amulet)
HPRegen 0.05/turn               (no ring)
MPRegen 0.08/turn               (no ring)

@: no status effects
A: large, rugged brown scales 3, see invisible, deformed body, roll 1, armoured
tail
a: Rolling Charge


You were on level 1 of the Dungeon.
You visited 1 branch of the dungeon, and saw 1 of its levels.

You collected 13 gold pieces.

Inventory:

Hand Weapons
 a - a +0 mace (weapon)
Missiles
 d - 7 boomerangs of dispersal (quivered)
Armour
 b - a +0 leather armour (worn)
Scrolls
 c - a scroll of blinking
 e - a scroll of teleportation {unknown}
 h - a scroll of silence {unknown}
Potions
 f - a potion of attraction {unknown}
 g - a potion of curing {unknown}


   Skills:
 + Level 2.0 Fighting
 + Level 2.0 Maces & Flails
 + Level 0.6 Throwing
 + Level 0.9 Armour
 + Level 1.6 Dodging
 + Level 2.0 Spellcasting
 + Level 3.0 Translocations


You had 4 spell levels left.
You didn't know any spells.
Your spell library contained the following spells:

 Spells                   Type           Power      Damage    Failure   Level
 Blink                    Tloc           18%        N/A       13%         2
 Gell's Gravitas          Tloc           9%         N/A       26%         3
 Lesser Beckoning         Tloc           9%         N/A       26%         3
 Teleport Other           Tloc           9%         N/A       26%         3
 Manifold Assault         Tloc           9%         N/A       94%         5


Dungeon Overview and Level Annotations

Branches:
Dungeon (1/15)

Altars:


Innate Abilities, Weirdness & Mutations

You are completely covered in rugged brown scales. (AC +3, +7% HP)
You have supernaturally acute eyesight. (SInv)
Armour fits poorly on your strangely shaped body.
You can roll at nearby foes to attack.
You have a long armoured tail.


Message History

You now have 13 gold pieces (gained 9).
g - a smoky red potion
h - a scroll labelled SOETTASS VUUXT A hobgoblin comes into view.
The hobgoblin shouts!
A rat comes into view.
There are monsters nearby!
A kobold comes into view. It is wielding a +0 whip of pain.
The kobold shouts!
A bat comes into view.
A giant cockroach comes into view.
The bat closely misses you. The hobgoblin barely misses you.
The bat barely misses you.
You hit the rat.
You kill the rat!
The bat closely misses you.
The kobold throws a stone.
The stone hits you. The hobgoblin closely misses you.
You hit the hobgoblin but do no damage.
Your tail-slap misses the hobgoblin.
The bat hits you but does no damage.
The hobgoblin hits you but does no damage.
The kobold hits you but does no damage. The hobgoblin completely misses you.
An endoplasm comes into view.
The endoplasm quivers.
You hit the giant cockroach.
Your tail-slap misses the giant cockroach.
The giant cockroach is almost dead.
The bat closely misses you. The giant cockroach closely misses you.
The hobgoblin hits you. The kobold closely misses you.
The bat barely misses you.
You hit the giant cockroach.
You kill the giant cockroach!
The bat closely misses you. The bat hits you but does no damage.
The hobgoblin barely misses you.
The kobold hits you with a +0 whip of pain.
You barely miss the kobold. The bat barely misses you. The hobgoblin hits you.
The kobold hits you but does no damage.
The kobold hits you with a +0 whip of pain.
* * * LOW HITPOINT WARNING * * *
The hobgoblin hits you.
You die...

.....##.....##.............
.....#......(#.............
...........................
....................†......
....^......................
...............###......##.
................##......##.
##..#...................##.
#. #.....@b....#.......##$
.........†Kg..#.#.......##.
.......?...................
.....!...J.............##.
.............###.
..............
...........##. ...........
..


You could see an endoplasm, a hobgoblin, a bat and a kobold.

Vanquished Creatures
  An endoplasm (D:1)
  A giant cockroach (D:1)
  A frilled lizard (D:1)
  2 rats (D:1)
5 creatures vanquished.

Notes
Turn   | Place    | Note
-------+----------+-------------------------------------------
     0 | D:1      | Malachi the Palentonga Warper began the quest for the Orb.
     0 | D:1      | Reached XP level 1. HP: 17/17 MP: 3/3
   190 | D:1      | Slain by a hobgoblin

Illustrated notes

Levels and vault maps discovered:
D:1:      onia_arrival_mini_maze, layout_rooms

Action                   || total
-------------------------++-------
Melee: Mace              ||    10
Armor: Leather armour    ||     8
Dodge: Dodged            ||    15

Table legend: (Time is in decaauts)
 A = Elapsed time spent in this place.
 B = Non-inter-level travel time spent in this place.
 C = Inter-level travel time spent in this place.
 D = Time resting spent in this place.
 E = Time spent auto-exploring this place.
 F = Levels seen in this place.
 G = Mean time per level.
                   A        B        C        D        E       F      G
               +--------+--------+--------+--------+--------+-----+--------+
         Total |    192 |    192 |      0 |      0 |    163 |   1 |  192.0 |
       Dungeon |    192 |    192 |      0 |      0 |    163 |   1 |  192.0 |
               +--------+--------+--------+--------+--------+-----+--------+

Top non-repeatable levels by time:
     D:1: 192 daAuts
